 Dungeon Crawl Stone Soup version 0.15-a0-2102-gacb6860 (webtiles) character file.

67 N00bl0rd the Shield-Bearer (level 4, -3/35 HPs)
             Began as a Formicid Fighter on July 15, 2014.
             Slain by a worm (8 damage)
             ... on Level 2 of the Dungeon.
             The game lasted 00:06:40 (1461 turns).

N00bl0rd the Shield-Bearer (Formicid Fighter)       Turns: 1461, Time: 00:06:40

HP  -3/35        AC  9     Str 21      XL: 4   Next: 40%
MP   5/5         EV  7     Int  8      God:
Gold 102         SH  9     Dex 10      Spells:  0 memorised,  3 levels left

rFire  . . .     SeeInvis +     a - +0 flail
rCold  . . .     Clarity  .     b - +0 scale mail
rNeg   . . .     rCorr    .     c - +0 shield
rPois  .         rRot     .     (helmet unavailable)
rElec  .         Spirit   .     h - +0 cloak
SustAb .         Warding  .     p - +0 pair of gloves
rMut   .         Stasis   +     (no boots)
Gourm  .                        (no amulet)
MR     .....                    (no ring)
                                (no ring)

@: not resistant to hostile enchantments, extremely unstealthy
A: permanent stasis, dig shafts and tunnels, four strong arms, antennae 3
a: Dig, Shaft Self


You were on level 2 of the Dungeon.
You were very hungry.

You visited 1 branch of the dungeon, and saw 3 of its levels.

You collected 102 gold pieces.

Inventory:

Hand weapons
 a - a +0 flail (weapon)
Armour
 b - a +0 scale mail (worn)
 c - a +0 shield (worn)
 h - a +0 cloak (worn)
 p - a +0 pair of gloves (worn)
Comestibles
 d - 3 bread rations
 i - 2 beef jerkies
 n - a meat ration
 q - a rotting chunk of rat flesh
Scrolls
 f - a scroll of random uselessness {unknown}
 j - a scroll of remove curse {unknown}
 m - a scroll of teleportation {unknown}
 o - 2 scrolls of identify {unknown}
 r - a scroll of amnesia {unknown}
Potions
 e - a potion of might
 g - a potion of haste {unknown}
 k - a potion of restore abilities {unknown}
 l - a potion of agility {unknown}


   Skills:
 + Level 3.5 Fighting
 * Level 2.9 Maces & Flails
 - Level 3.2 Armour
 * Level 2.1 Dodging
 + Level 3.8 Shields


You had 3 spell levels left.
You didn't know any spells.

Dungeon Overview and Level Annotations

Branches:
Dungeon (3/15)

Altars:
Makhleb
Nemelex Xobeh
Xom


Innate Abilities, Weirdness & Mutations

Your are under a permanent stasis effect.
You can dig through walls and to a lower floor.
Your four strong arms can wield two-handed weapons with a shield.
You have a pair of large antennae on your head (SInv).


Message History

The worm is moderately wounded.
The worm bites you.
* * * LOW HITPOINT WARNING * * *
You barely miss the worm.
The worm is lightly wounded.
You sock the worm!
The worm is heavily wounded.
You block the worm's attack.
You sock the worm!
The worm is almost dead.
The worm bites you.
* * * LOW HITPOINT WARNING * * *
You hit the worm but do no damage.
The worm is almost dead.
You block the worm's attack.
You are feeling very hungry.
You hit the worm.
The worm is almost dead.
The worm bites you!
You die...

#.# #.#.#
######. #.#
#.#.## ## #.#
#....# #.#
###..# #.##
#...# #..#
#.#.# ##.#
#.#.# #.#
#.#w# #.#
#.#@# #.#
######...####
#.#
#...........#
#.#
#.####......#
#.# #.#
#......# #.#
#.# #......#
#.# #.#
#......# #.#
#.# #.##.#.#
#.###.##
#.##.#.#


You could see a worm.

Vanquished Creatures
  A gnoll (D:3)
  An adder (D:2)
  A worm (D:2)
  3 giant geckos (D:1)
  An ooze (D:1)
  3 giant cockroaches
  10 goblins
  6 hobgoblins
  2 kobolds
  3 bats (D:1)
  3 giant newts (D:1)
  4 rats
38 creatures vanquished.

Vanquished Creatures (others)
  A ghoul (D:1)
  An elf (D:1)
  A troll (D:1)
  A formicid (D:1)
  2 spriggans (D:1)
  A human (D:1)
  A dwarf (D:1)
  A mummy (D:1)
  An orc (D:1)
  2 kobolds (D:1)
  4 tentacles (D:1)
  13 tentacle segments (D:1)
29 creatures vanquished.

Grand Total: 67 creatures vanquished

Notes
Turn   | Place    | Note
--------------------------------------------------------------
     0 | D:1      | N00bl0rd, the Formicid Fighter, began the quest for the Orb.
     0 | D:1      | Reached XP level 1. HP: 18/18 MP: 1/1
     0 | D:1      | Noticed a dwarf
     0 | D:1      | Noticed a spriggan
     0 | D:1      | Noticed an elf
     0 | D:1      | Noticed a troll
     0 | D:1      | Noticed a human
     0 | D:1      | Noticed a kraken
     0 | D:1      | Noticed a ghoul
     0 | D:1      | Noticed a spriggan
     0 | D:1      | Noticed a formicid
     3 | D:1      | Killed a dwarf
     6 | D:1      | Killed a human
     7 | D:1      | Killed an elf
     7 | D:1      | Killed a troll
     8 | D:1      | Killed a formicid
     8 | D:1      | Killed a spriggan
    10 | D:1      | Killed a spriggan
    13 | D:1      | Killed a ghoul
    73 | D:1      | Reached XP level 2. HP: 18/24 MP: 3/3
   149 | D:1      | Reached skill level 1 in Dodging
   232 | D:1      | Reached XP level 3. HP: 14/29 MP: 4/4
   785 | D:2      | Reached XP level 4. HP: 25/35 MP: 5/5
   876 | D:2      | Found a sparkling altar of Nemelex Xobeh.
   876 | D:2      | Found a shimmering altar of Xom.
   877 | D:2      | Found a burning altar of Makhleb.
  1461 | D:2      | Slain by a worm

Action                   |  1- 3 |  4- 6 || total
-------------------------+-------+-------++-------
Melee: Flail             |   108 |    34 ||   142
  Eat: Chunk             |       |     1 ||     1
